 Dungeon Crawl Stone Soup version 0.29.0-13-gc9e81de378 (webtiles) character file.

Game seed: 10364322910885865028

1058 raistware the Conjurer (level 8, -1/46 HPs)
             Began as an Octopode Conjurer on Sept 8, 2022.
             Was an Initiate of Vehumet.
             Succumbed to a killer bee's poison
             ... on level 5 of the Dungeon.
             The game lasted 00:12:11 (5524 turns).

raistware the Conjurer (Octopode Conjurer)          Turns: 5524, Time: 00:12:12

Health: -1/46      AC:  5    Str:  7    XL:     8   Next: 27%
Magic:  11/26      EV: 13    Int: 22    God:    Vehumet [......]
Gold:   219        SH:  0    Dex: 10    Spells: 10/20 levels left

rFire   . . .      SeeInvis .   p - +1 morningstar (holy)
rCold   . . .      Faith    .   (no shield)
rNeg    . . .      Spirit   .   (helmet restricted)
rPois   .          Reflect  .   (no amulet)
rElec   .          Harm     .   e - ring of magical power
rCorr   .          Rampage  .   t - +4 ring of protection
Will    .....                   (no ring)
Stlth   +++.......              (no ring)
HPRegen 0.15/turn               (no ring)
MPRegen 0.20/turn               (no ring)
                                (no ring)
                                (no ring)

@: lethally poisoned (-1 -> -6)
A: almost no armour, amphibious, 8 rings, camouflage 1, gelatinous body 1,
(nimble swimmer 1), tentacles
a: Renounce Religion


You were on level 5 of the Dungeon.
You worshipped Vehumet.
Vehumet was noncommittal.
You visited 2 branches of the dungeon, and saw 6 of its levels.

You collected 219 gold pieces.

Inventory:

Hand Weapons
 p - a +1 morningstar of holy wrath (weapon)
Missiles
 h - 7 poisoned darts
Jewellery
 e - a ring of magical power (left tentacle)
 t - a +4 ring of protection (right tentacle)
Wands
 v - a wand of roots (5)
Scrolls
 b - 4 scrolls of identify {unknown}
 c - a scroll of noise {unknown}
 i - 2 scrolls of enchant weapon {unknown}
 j - a scroll of blinking {unknown}
 k - a scroll of enchant armour {unknown}
 m - a scroll of poison {unknown}
 n - 2 scrolls of butterflies {unknown}
 o - a scroll of teleportation {unknown}
Potions
 a - a potion of magic
 d - a potion of berserk rage {unknown}
 f - a potion of attraction {unknown}
 g - 2 potions of haste
 q - a potion of might
 r - a potion of degeneration {unknown}
 s - a potion of ambrosia {unknown}
 u - a potion of flight {unknown}


   Skills:
 - Level 2.0 Dodging
 - Level 2.6 Stealth
 + Level 6.5 Spellcasting
 + Level 6.9 Conjurations
 - Level 2.0 Translocations
 - Level 2.0 Transmutations


You had 10 spell levels left.
You knew the following spells:

 Your Spells              Type           Power      Damage    Failure   Level
a - Magic Dart            Conj           100%       1d8       1%          1
b - Iskenderun's Mystic   Conj/Tloc      26%        2d7       14%         4
c - Irradiate             Conj/Tmut      13%        3d16      36%         5

Your spell library contained the following spells:

 Spells                   Type           Power      Damage    Failure   Level
 Searing Ray              Conj           74%        2d7       1%          2
 Dazzling Flash           Conj/Hex       44%        N/A       6%          3
 Freeze                   Ice            28%        1d5       9%          1
 Necrotise                Necr           28%        1d5       9%          1
 Sublimation of Blood     Necr           7%         N/A       13%         2
 Fulminant Prism          Conj/Hex       11%        3d9       21%         4
 Hailstorm                Conj/Ice       22%        3d7       21%         4
 Frozen Ramparts          Ice            14%        1d3       26%         3
 Vampiric Draining        Necr           7%         2d6       26%         3
 Petrify                  Tmut/Erth      11%        N/A       50%         4
 Agony                    Necr           7%         N/A       94%         5


Dungeon Overview and Level Annotations

Branches:
Dungeon (5/15)             Temple (1/1) D:5

Altars:
Ashenzari
Elyvilon
Fedhas
Gozag
Hepliaklqana
Makhleb
Nemelex Xobeh
Sif Muna
Vehumet
Xom
The Shining One

Annotations:
D:3 3 runed translucent doors, heinrich's ghost, amateur GrFi
D:4 Sigmund


Innate Abilities, Weirdness & Mutations

You cannot wear most types of armour.
You are amphibious.
You can wear up to eight rings at the same time.
Your skin changes colour to match your surroundings (Stealth+).
Your rubbery body absorbs attacks. (AC +1, EV +1)
((You are camouflaged when in or above water. (Stealth+)))
You have tentacles for arms and can constrict up to eight enemies at once.


Message History

* * * LOW HITPOINT WARNING * * *
You feel very sick.
Unknown command.
Unknown command.
Casting: Iskenderun's Mystic Blast (quite dangerous; 14% risk of failure)
Confirm with . or Enter, or press ? or * to list all spells.
The spell is quite dangerous to miscast (14% risk of failure)!
Continue anyway?
You erupt in a blast of force!
The mystic blast hits the killer bee.
The killer bee is severely wounded.
The killer bee is knocked back by the mystic blast.
The mystic blast hits the killer bee!
You kill the killer bee!
Vehumet accepts your kill.
* * * LOW HITPOINT WARNING * * *
You feel sick.
Unknown command.
Unknown command.
It was a potion of might.
You feel very mighty all of a sudden.
* * * LOW HITPOINT WARNING * * *
You feel sick. The killer bee closely misses you.
Casting: Iskenderun's Mystic Blast (quite dangerous; 14% risk of failure)
Confirm with . or Enter, or press ? or * to list all spells.
The spell is quite dangerous to miscast (14% risk of failure)!
Continue anyway?
Okay, then.
Unknown command.
Casting: Iskenderun's Mystic Blast (quite dangerous; 14% risk of failure)
Confirm with . or Enter, or press ? or * to list all spells.
The spell is quite dangerous to miscast (14% risk of failure)!
Continue anyway?
You erupt in a blast of force!
The mystic blast hits the killer bee!
You kill the killer bee!
Vehumet accepts your kill.
* * * LOW HITPOINT WARNING * * *
You feel sick.
Unknown command.
It was a potion of cancellation.
Your magical effects are unravelling.
You feel magically purged.
You feel a little less mighty now.
You die...

♣...).♣♣♣.............
~~~~~~~~♣.####.#######
♣.....♣~♣.........#
.......~...###.##.#
.......~..## #.##.#
...>...~..# #.##.#
.......~..# #.##.#
.......~..####.##.#
♣.....♣~♣......†@.#
~~~~~~~~♣.#.##.####
♣.....♣♣♣......
....... #.... ###.###.
#...y ....#. .......
####..#


There were no monsters in sight!

Vanquished Creatures
  Eustachio (D:5)
  An ogre (D:5)
  A phantom (D:5)
  6 killer bees (D:5)
  A vampire bat (D:4)
  A hound (D:5)
  A jelly (D:3)
  An orc priest (D:5)
  Ijyb (D:4)
  Terence (D:3)
  An iguana (D:5)
  Robin (D:2)
  5 adders
  4 gnolls (D:2)
  An ufetubus (D:5)
  2 worms
  A dart slug (D:3)
  3 fire bats (D:4)
  7 orcs
  2 spectral bats (D:4)
  7 ball pythons
  3 bat skeletons (D:4)
  A bat zombie (D:4)
  4 endoplasms
  16 goblins
  11 hobgoblins
  6 jackals
  4 quokkas
  15 bats
  A bat simulacrum (D:4)
  8 frilled lizards
  6 kobolds
  10 rats
134 creatures vanquished.

Vanquished Creatures (others)
  6 plants (D:3)
  11 toadstools (D:5)
17 creatures vanquished.

Grand Total: 151 creatures vanquished

Notes
Turn   | Place    | Note
-------+----------+-------------------------------------------
     0 | D:1      | raistware the Octopode Conjurer began the quest for the
                  | Orb.
     0 | D:1      | Reached XP level 1. HP: 11/11 MP: 3/3
    65 | D:1      | Found a faded altar of an unknown god.
   465 | D:1      | Reached XP level 2. HP: 17/17 MP: 5/5
  1059 | D:2      | Reached XP level 3. HP: 21/21 MP: 7/7
  1251 | D:2      | Noticed Robin
  1428 | D:2      | Killed Robin
  1605 | D:2      | Reached XP level 4. HP: 27/27 MP: 10/10
  1610 | D:2      | Learned a level 4 spell: Iskenderun's Mystic Blast
  1941 | D:2      | Reached skill level 1 in Translocations
  2542 | D:2      | Reached XP level 5. HP: 31/31 MP: 11/11
  2633 | D:2      | Learned a level 5 spell: Irradiate
  2808 | D:3      | Noticed heinrich's ghost (amateur GrFi)
  2819 | D:3      | Noticed Terence
  2937 | D:3      | Found a runed translucent gate.
  2937 | D:3      | Found a runed translucent gate.
  2937 | D:3      | Found a runed translucent gate.
  3230 | D:3      | Killed Terence
  3304 | D:3      | Reached XP level 6. HP: 36/36 MP: 12/12
  3544 | D:4      | Reached skill level 5 in Conjurations
  3545 | D:4      | Reached skill level 1 in Transmutations
  4034 | D:4      | Reached skill level 5 in Spellcasting
  4058 | D:4      | Noticed Ijyb
  4072 | D:4      | Killed Ijyb
  4591 | D:4      | Noticed Sigmund
  4711 | D:5      | Entered Level 5 of the Dungeon
  4732 | D:5      | Reached XP level 7. HP: 36/41 MP: 14/14
  4772 | D:5      | Identified the ring of Filielat {rF- Will+ Str+5 SInv}
  5190 | D:5      | Found a staircase to the Ecumenical Temple.
  5198 | Temple   | Entered the Ecumenical Temple
  5235 | Temple   | Became a worshipper of Vehumet
  5274 | D:5      | Noticed Eustachio
  5395 | D:5      | Killed Eustachio
  5519 | D:5      | Reached XP level 8. HP: 13/46 MP: 17/17
  5522 | D:5      | HP: 2/46 [poisoned by a killer bee]
  5524 | D:5      | Succumbed to a killer bee's poison

Illustrated notes

Levels and vault maps discovered:
D:1:      nagdon_arrival_double_spiral, layout_loops_cross,
          hellmonk_ecumenical_altar_pennies_from_heaven
D:2:      layout_basic, uniq_robin
D:3:      layout_rooms, gammafunk_ghost_icy, minmay_lizard_king, uniq_terence
D:4:      layout_basic, goddamned_bats, uniq_ijyb, uniq_sigmund
D:5:      cheibrodos_fertilizer, layout_basic, minmay_temple_entry_water_ring,
          hangedman_abyss_or_decor_stagger, uniq_grinder, uniq_eustachio,
          uniq_menkaure
Temple:   nicolae_temple_bog_church

Skill      XL: |  1  2  3  4  5  6  7 |
---------------+----------------------+-----
Spellcasting   | 3 4 5 6 |  6.5
Translocations | 1 2 |  2.0
Conjurations   | 5 6 |  6.9
Transmutations | 1 2 |  2.0
Dodging        | |  2.0
Stealth        | |  2.6

Action                   |  1- 3 |  4- 6 |  7- 9 || total
-------------------------+-------+-------+-------++-------
Melee: Unarmed           |     2 |     6 |       ||     8
       Tentacles         |     1 |     7 |     4 ||    12
       Constrict         |       |     7 |     5 ||    12
       Morningstar       |       |    15 |    18 ||    33
       Mace              |       |     1 |       ||     1
Throw: Dart              |       |     4 |       ||     4
 Cast: Magic Dart        |    86 |   173 |    18 ||   277
       Iskenderun's Myst |       |     1 |     9 ||    10
Evoke: Wand              |       |     1 |     2 ||     3
  Use: Potion            |       |     1 |     2 ||     3
Armor: Skin              |     1 |    17 |     6 ||    24
Dodge: Dodged            |     9 |    54 |    19 ||    82
